 Dungeon Crawl Stone Soup version 0.29-a0-490-g77b3608bb8 (webtiles) character file.

Game seed: 1713366875812114781

180 pokeman the Magician (level 5, -1/29 HPs)
             Began as a Deep Elf Hedge Wizard on May 24, 2022.
             Slain by an iguana (12 damage)
             ... on level 4 of the Dungeon on May 26, 2022.
             The game lasted 00:07:26 (3993 turns).

pokeman the Magician (Deep Elf Hedge Wizard)        Turns: 3993, Time: 00:07:26

Health: -1/29      AC:  4    Str:  7    XL:     5   Next: 33%
Magic:  10/15      EV: 12    Int: 21    God:
Gold:   164        SH:  0    Dex: 14    Spells: 5/16 levels left

rFire   . . .      SeeInvis .   n - +0 arbalest
rCold   . . .      Faith    .   (shield currently unavailable)
rNeg    . . .      Spirit   .   x - +0 leather armour
rPois   +          Reflect  .   c - +0 hat
rElec   .          Harm     .   (no cloak)
rCorr   .          Rampage  .   k - +0 pair of gloves
Will    .....                   (no boots)
Stlth   ++........              (no amulet)
HPRegen 0.09/turn               q - ring of poison resistance
MPRegen 0.14/turn               (no ring)

@: no status effects
A: no striking features
a: no special abilities


You were on level 4 of the Dungeon.
You visited 2 branches of the dungeon, and saw 5 of its levels.

You collected 164 gold pieces.

Inventory:

Hand Weapons
 a - a +0 dagger
 n - a +0 arbalest (weapon)
Armour
 c - a +0 hat (worn)
 k - a +0 pair of gloves (worn)
 x - a +0 leather armour (worn)
Jewellery
 q - a ring of poison resistance (left hand)
Wands
 p - a wand of iceblast (7)
 t - a wand of digging (1)
Scrolls
 b - 3 scrolls of vulnerability {unknown}
 f - a scroll of teleportation {unknown}
 g - 9 scrolls of identify {unknown}
 j - 4 scrolls of amnesia {unknown}
 r - a scroll of fear {unknown}
 u - a scroll of brand weapon {unknown}
 v - a scroll of enchant weapon {unknown}
 w - a scroll of fog {unknown}
 y - a scroll of noise {unknown}
 A - a scroll of blinking {unknown}
Potions
 d - a potion of magic
 e - 3 potions of curing {unknown}
 h - a potion of haste
 i - 2 potions of brilliance {unknown}
 l - a potion of might {unknown}
 m - 2 potions of lignification {unknown}
 o - 2 potions of invisibility {unknown}
 s - a potion of heal wounds {unknown}
 z - a potion of ambrosia {unknown}


   Skills:
 - Level 1.0 Fighting
 - Level 1.0 Armour
 - Level 3.0 Dodging
 + Level 2.7 Stealth
 * Level 6.2 Spellcasting
 + Level 2.6 Conjurations
 - Level 1.1 Summonings
 - Level 1.1 Translocations
 - Level 1.0 Fire Magic
 + Level 0.7 Air Magic


You had 5 spell levels left.
You knew the following spells:

 Your Spells              Type           Power      Damage    Failure   Level
a - Magic Dart            Conj           68%        1d6       4%          1
b - Mephitic Cloud        Conj/Pois/Air  11%        N/A       26%         3
c - Call Imp              Summ           11%        N/A       13%         2
d - Blink                 Tloc           22%        N/A       13%         2
e - Conjure Flame         Conj/Fire      14%        6-21      21%         3

Your spell library contained the following spells:

 Spells                   Type           Power      Damage    Failure   Level
 Slow                     Hex            24%        N/A       14%         1
 Ignite Poison            Fire/Tmut/Pois 8%         N/A       36%         3
 Freezing Cloud           Conj/Ice/Air   5%         6-21      94%         5


Dungeon Overview and Level Annotations

Branches:
Dungeon (4/15)             Temple (1/1) D:4

Altars:
Ashenzari
Cheibriados
Dithmenos
Elyvilon
Gozag
Kikubaaqudgha
Makhleb
Nemelex Xobeh
Okawaru
Qazlal
Ru
Sif Muna
Trog
Wu Jian
Xom
Yredelemnul
Zin
The Shining One

Shops:
D:2 [[=:


Message History

Found a glowing silver altar of Zin and a basalt altar of Yredelemnul.
Found an ancient bone altar of Kikubaaqudgha.
Done exploring.
There is a shimmering blue altar of Sif Muna here.
There is a staircase back to the Dungeon here.
Unknown command.
You climb upwards.
Welcome back to the Dungeon!
The iguana closely misses you. The black bear bites you.
The black bear claws you. x2
There is a staircase to the Ecumenical Temple, spattered with blood here.
Casting: Magic Dart (safe; 4% risk of failure)
Confirm with . or Enter, or press ? or * to list all spells.
You miscast Blink.
You are very lightly contaminated with residual magic.
Nothing appears to happen.
The iguana bites you! The black bear closely misses you.
The black bear barely misses you. The black bear closely misses you.
Casting: Blink (safe; 13% risk of failure)
Confirm with . or Enter, or press ? or * to list all spells.
You blink.
Unknown command.
You feel stable enough to blink again.
Casting: Blink (safe; 13% risk of failure)
Confirm with . or Enter, or press ? or * to list all spells.
The spell is quite dangerous to miscast (26% risk of failure)!
Continue anyway?
Aiming: Mephitic Cloud (quite dangerous; 26% risk of failure)
Press: ? - help, Shift-Dir - straight line, f - black bear
Aim: a black bear (chance to affect: 72%)
The ball explodes into a vile cloud!
The stinking cloud engulfs the black bear but does no damage.
You hear an angry hiss.
You hear a shout! x2
The black bear is engulfed in noxious fumes.
The black bear appears confused.
Unknown command.
The black bear is engulfed in noxious fumes.
The black bear appears confused.
An iguana comes into view.
Your magical contamination has completely faded away.
The iguana attacks as you move away! The iguana barely misses you.
The iguana attacks as you move away! The iguana bites you!
You die...

#######..####'##....
.......#..##....##...#....#....
.......#..)..........#....#....
......#........##..#######....
.....#####....##..##....#....
#.......#....#....'....#....
+.......#....#....#....#....
#.......#....#...##....###'#
#?.......ll@.....##....##..#
#...#.#.#.#.#..............#
#####..h..........#..##........#
#.....#.#.......#.#..##....#####
.#.....#..............#.....#
.........#...>...#....+.....#
...................######+###
..######.#.......#...! ..
#..............


You could see 2 iguanas.

Vanquished Creatures
  Ijyb (D:3)
  7 adders
  A white imp (D:3)
  A worm (D:3)
  3 dart slugs (D:3)
  7 orcs
  12 ball pythons
  A bat (D:2)
  4 endoplasms
  3 giant cockroaches
  3 goblins
  4 hobgoblins
  5 jackals
  3 quokkas
  5 frilled lizards
  5 kobolds
  3 rats
68 creatures vanquished.

Vanquished Creatures (others)
  A fungus (D:1)
  A plant (D:1)
2 creatures vanquished.

Grand Total: 70 creatures vanquished

Notes
Turn   | Place    | Note
-------+----------+-------------------------------------------
     0 | D:1      | pokeman the Deep Elf Hedge Wizard began the quest for the
                  | Orb.
     0 | D:1      | Reached XP level 1. HP: 10/10 MP: 7/7
    10 | D:1      | Upgraded the game from 0.29-a0-477-g62b78b4225 to
                  | 0.29-a0-490-g77b3608bb8
   380 | D:1      | Reached XP level 2. HP: 16/16 MP: 4/9
  1141 | D:2      | Reached skill level 5 in Spellcasting
  1174 | D:2      | Found Fifaol's Book Boutique.
  1231 | D:2      | Found Pafiabea's Armour Shoppe.
  1249 | D:2      | Found a faded altar of an unknown god.
  1400 | D:2      | Found Peemihor's Jewellery Boutique.
  1462 | D:2      | Found Cuqaaraf's Armour Boutique.
  1594 | D:3      | Reached XP level 3. HP: 16/20 MP: 4/11
  1598 | D:3      | Learned a level 3 spell: Mephitic Cloud
  1601 | D:3      | Learned a level 2 spell: Call Imp
  1604 | D:3      | Learned a level 2 spell: Blink
  1608 | D:3      | Learned a level 3 spell: Conjure Flame
  1688 | D:3      | Reached skill level 1 in Fighting
  1756 | D:3      | Reached skill level 1 in Armour
  1757 | D:3      | Noticed Ijyb
  1799 | D:3      | Killed Ijyb
  1800 | D:3      | Reached XP level 4. HP: 25/25 MP: 7/13
  2365 | D:3      | Found an iron altar of Okawaru.
  2610 | D:3      | Reached skill level 1 in Fire Magic
  2748 | D:3      | Found a burning altar of Makhleb.
  2748 | D:3      | Found a faded altar of an unknown god.
  2756 | D:3      | Found a faded altar of an unknown god.
  2758 | D:3      | Found an opulent altar of Gozag.
  2760 | D:3      | Found a snail-covered altar of Cheibriados.
  2792 | D:3      | Found a stormy altar of Qazlal.
  2843 | D:3      | Reached skill level 6 in Spellcasting
  2843 | D:3      | Reached XP level 5. HP: 29/29 MP: 12/15
  3875 | D:4      | Found a staircase to the Ecumenical Temple.
  3879 | D:4      | Noticed a black bear
  3884 | Temple   | Entered the Ecumenical Temple
  3993 | D:4      | Slain by an iguana

Illustrated notes

Levels and vault maps discovered:
D:1:      wander_arrival_fairy_ring, layout_loops_cross
D:2:      layout_rooms, serial_shops, nicolae_shop_behind_doors,
          nicolae_square_shop, nicolae_shop_waterfront,
          nicolae_shop_window_shopping, basic_ecumenical_altar
D:3:      layout_basic, kennysheep_okawaru_gauntlet, lemuel_tele_altar,
          chequers_temple_overflow_minitemple, minmay_snake_closets, uniq_ijyb
D:4:      layout_gridville, minmay_temple_entry_glass,
          ebering_ghost_disaster_area, uniq_blork_the_orc
Temple:   dshaligram_water_room_temple

Skill      XL: |  1  2  3  4 |
---------------+-------------+-----
Spellcasting   | 5 6 |  6.2
Fighting       | 1 |  1.0
Armour         | 1 |  1.0
Conjurations   | 2 |  2.6
Fire Magic     | 1 |  1.0
Dodging        | 3 |  3.0
Stealth        | |  2.7
Summonings     | |  1.1
Translocations | |  1.1
Air Magic      | |  0.7

Action                   |  1- 3 |  4- 6 || total
-------------------------+-------+-------++-------
 Fire: Arbalest          |    18 |    29 ||    47
 Cast: Magic Dart        |    77 |    54 ||   131
       Mephitic Cloud    |     2 |     1 ||     3
       Blink             |       |     1 ||     1
Armor: Robe              |     8 |     4 ||    12
Dodge: Dodged            |    13 |    23 ||    36

Table legend: (Time is in decaauts)
 A = Elapsed time spent in this place.
 B = Non-inter-level travel time spent in this place.
 C = Inter-level travel time spent in this place.
 D = Time resting spent in this place.
 E = Time spent auto-exploring this place.
 F = Levels seen in this place.
 G = Mean time per level.
                   A        B        C        D        E       F      G
               +--------+--------+--------+--------+--------+-----+--------+
         Total |   4029 |   3837 |    192 |     23 |   3345 |   5 |  805.8 |
       Dungeon |   3939 |   3767 |    172 |     23 |   3285 |   4 |  984.8 |
        Temple |     90 |     70 |     20 |      0 |     60 |   1 |   90.0 |
               +--------+--------+--------+--------+--------+-----+--------+

Top non-repeatable levels by time:
     D:3: 1718 daAuts
     D:1: 1088 daAuts
     D:4: 638 daAuts
     D:2: 494 daAuts
  Temple: 90 daAuts
